 Dungeon Crawl Stone Soup version 0.30-a0-576-g89cddaab80 (webtiles) character file.

Game seed: 3731541470191942526

79 Newt the Chucker (level 4, -3/33 HPs)
             Began as a Demonspawn Gladiator on Dec 30, 2022.
             Was an Initiate of Gozag.
             Slain by Edmund
             ... wielding a +2 flail of holy wrath
              (8 damage)
             ... on level 4 of the Dungeon.
             The game lasted 00:04:14 (2858 turns).

Newt the Chucker (Demonspawn Gladiator)             Turns: 2858, Time: 00:04:15

Health: -3/33      AC:  5    Str: 20    XL:     4   Next: 17%
Magic:  4/4        EV: 12    Int:  9    God:    Gozag
Gold:   287        SH:  0    Dex: 14    Spells: 3/3 levels left

rFire   . . .      SeeInvis .    a - +0 rapier
rCold   . . .      Faith    .    (no shield)
rNeg    + . .      Spirit   .    q - +1 robe of the Nice God {Str+3}
rPois   .          Reflect  .    c - +0 helmet
rElec   .          Harm     .    (no cloak)
rCorr   .          Rampage  .    k - +0 pair of gloves
Will    .....                    (no boots)
Stlth   ++                       l - amulet of the acrobat
HPRegen 0.25/turn                w - ring of positive energy
MPRegen 0.09/turn                (no ring)

@: hasted, very quick
A: claws 1, demonic guardian 2
a: Renounce Religion, Potion Petition, Call Merchant, Bribe Branch


You were on level 4 of the Dungeon.
You worshipped Gozag.
Gozag was aware of your devotion.
You visited 1 branch of the dungeon, and saw 4 of its levels.

You collected 307 gold pieces.
You paid 20 gold pieces to Gozag.

Inventory:

Hand Weapons
 a - a +0 rapier (weapon)
 i - a +0 dagger
Missiles
 e - 19 stones (quivered)
 f - 4 datura-tipped darts
 t - 4 boomerangs
 u - a javelin
Armour
 b - a +0 leather armour
 c - a +0 helmet (worn)
 h - a +0 scale mail
 k - a +0 pair of gloves (worn)
 q - the +1 robe of the Nice God (worn) {Str+3}
   (You found it on level 2 of the Dungeon)

   Str:       It affects your strength (+3).
Jewellery
 l - an amulet of the acrobat (around neck)
 w - a ring of positive energy (left hand)
 y - the amulet "Elluloyb" {Faith +Blink rF+ rC- MP+9}
   (You found it on level 3 of the Dungeon)

   [amulet of faith]

   It allows you to gain divine favour quickly.
   rF:        It protects you from fire.
   rC:        It makes you vulnerable to cold.
   MP:        It affects your magic capacity (+9).
   +Blink:    It lets you blink.
Scrolls
 g - 2 scrolls of identify
 j - a scroll of fog
 m - 3 scrolls of teleportation
 s - a scroll of amnesia
 x - a scroll of poison
Potions
 o - 2 potions of attraction
 r - a potion of brilliance {unknown}
 v - a potion of mutation {unknown}
 z - a potion of curing {unknown}


   Skills:
 - Level 2.0 Fighting
 - Level 2.6 Short Blades
 + Level 3.5 Throwing
 - Level 2.6 Dodging
 - Level 2.0 Stealth


You had 3 spell levels left.
You didn't know any spells.
Your spell library contained the following spells:

 Spells                   Type           Power      Damage    Failure   Level
 Cigotuvi's Dreadful Rot  Necr/Pois/Air  0%         N/A       52%         2
 Sublimation of Blood     Necr           0%         N/A       52%         2
 Wereblood                Tmut           0%         N/A       52%         2
 Ignite Poison            Fire/Tmut/Pois 0%         N/A       77%         3
 Dispel Undead            Necr           0%         3d6       99%         4
 Sticky Flame             Conj/Fire      0%         2d3       99%         4
 Death Channel            Necr           0%         N/A       100%        6
 Summon Hydra             Summ           0%         N/A       100%        7
 Ignition                 Fire           0%         3d3       100%        8


Dungeon Overview and Level Annotations

Branches:
Dungeon (4/15)
 Temple: D:4-7

Altars:
Gozag

Shops:
D:3 *

Annotations:
D:4 Edmund


Innate Abilities, Weirdness & Mutations

You have sharp fingernails.
A demonic guardian rushes to your aid.


Message History

Edmund hits you with a +2 flail of holy wrath.
You convulse.
You hit Edmund.
Edmund is moderately wounded.
Edmund hits you with a +2 flail of holy wrath!
You convulse.
Throw: throwing net
Press: ? - help, Q - select action, (/) - cycle Shift-Dir - straight line, f/p - Edmund
Aim: Edmund, wielding a +2 flail of holy wrath and wearing a +3 leather armour of fire resistance (moderately wounded, 60% to hit)
You throw a throwing net. The throwing net hits Edmund.
Edmund is caught in the net!
Edmund is moderately wounded.
You hit Edmund but do no damage.
Edmund is moderately wounded.
Edmund struggles against the net.
You hit Edmund.
Edmund is moderately wounded.
Edmund struggles against the net. x2
You hit Edmund.
Edmund is heavily wounded.
Edmund struggles against the net.
You hit Edmund but do no damage.
Edmund is heavily wounded.
Edmund struggles against the net.
The net rips apart, and Edmund comes free!
As you read the scroll of fear, it crumbles to dust.
You assume a fearsome visage.
Edmund looks frightened!
You feel yourself speed up.
Edmund cries, "Help!"
You hit Edmund.
Your attack snaps Edmund out of his fear.
Edmund is heavily wounded.
Edmund hits you but does no damage.
You hit Edmund.
Edmund is heavily wounded.
Edmund hits you with a +2 flail of holy wrath!
* * * LOW HITPOINT WARNING * * *
A demonic guardian appears!
You convulse!
You die...
Your body crumbles into a pile of gold.

#.## ...# ... ##...... #
#..# #.........
...####..)...... #
...#..##.#.##... #.
##@......#....#... ...
##@.............>.. ....
#4.###.........#.#
.....#..##..##......#.#
#.....#......#.##..##
.....##....####.####..#.
..##...##........# #....
. #... #...##..## ##.<.
.....#....##..# ##..
#.?.............# #...#


You could see Edmund (ally target) and a friendly ice devil (summoned).

Vanquished Creatures
  2 dart slugs (D:3)
  4 ball pythons
  8 endoplasms
  4 giant cockroaches
  4 goblins
  5 hobgoblins
  4 jackals (D:3)
  4 quokkas
  3 bats
  4 frilled lizards
  11 kobolds
  3 rats (D:1)
56 creatures vanquished.

Vanquished Creatures (collateral kills)
  A goblin (D:2)
  A hobgoblin (D:2)
  4 jackals (D:1)
  A quokka (D:2)
7 creatures vanquished.

Grand Total: 63 creatures vanquished

Notes
Turn   | Place    | Note
-------+----------+-------------------------------------------
     0 | D:1      | Newt the Demonspawn Gladiator began the quest for the Orb.
     0 | D:1      | Reached XP level 1. HP: 16/16 MP: 1/1
    58 | D:1      | Reached skill level 1 in Stealth
   182 | D:1      | Gained mutation: A weak demonic guardian rushes to your
                  | aid. [demonic ancestry]
   182 | D:1      | Reached XP level 2. HP: 22/22 MP: 2/2
   349 | D:1      | Reached skill level 2 in Throwing
   809 | D:1      | Discovered your monstrous ancestry.
   809 | D:1      | Gained mutation: You have sharp fingernails. [demonic
                  | ancestry]
   809 | D:1      | Reached XP level 3. HP: 23/27 MP: 3/3
  1396 | D:2      | Identified the +1 robe of the Nice God {Str+3}
  1442 | D:2      | Found an opulent altar of Gozag.
  1471 | D:2      | Became a worshipper of Gozag Ym Sagoz the Greedy
  1484 | D:2      | Reached skill level 3 in Throwing
  1512 | D:2      | Found a faded altar of an unknown god.
  2138 | D:3      | Found Oshiz's General Store.
  2186 | D:3      | Gained mutation: A demonic guardian rushes to your aid.
                  | [demonic ancestry]
  2186 | D:3      | Reached XP level 4. HP: 31/33 MP: 4/4
  2615 | D:3      | Identified the amulet "Elluloyb" {Faith +Blink rF+ rC-
                  | MP+9}
  2837 | D:4      | Noticed Edmund
  2858 | D:4      | Slain by Edmund

Illustrated notes

Levels and vault maps discovered:
D:1:      co_arrival_square_in_a_square_in_a_square, layout_basic
D:2:      layout_basic, basic_altar, shapermc_ecumenical_altar_venn
D:3:      layout_loops_corners, serial_shops, nicolae_shop_trees
D:4:      layout_cave_pools, temple_doors_ab, gammafunk_ghost_mausoleum,
          chequers_serial_rivers_micro_a, minmay_checkerbox, uniq_edmund

Skill      XL: |  1  2  3 |
---------------+----------+-----
Stealth        | 1 2 |  2.0
Throwing       | 2 3 |  3.5
Fighting       | |  2.0
Short Blades   | |  2.6
Dodging        | |  2.6

Action                   |  1- 3 |  4- 6 || total
-------------------------+-------+-------++-------
Melee: Rapier            |   170 |    41 ||   211
       Punch             |     2 |       ||     2
Throw: Javelin           |     3 |       ||     3
       Throwing net      |     1 |     2 ||     3
       Boomerang         |       |     2 ||     2
  Use: Scroll            |     6 |     2 ||     8
       Potion            |       |     1 ||     1
 Stab: Sleeping          |     5 |     1 ||     6
Armor: Leather armour    |    45 |       ||    45
       Robe              |    25 |     9 ||    34
Dodge: Dodged            |   117 |    29 ||   146

Table legend: (Time is in decaauts)
 A = Elapsed time spent in this place.
 B = Non-inter-level travel time spent in this place.
 C = Inter-level travel time spent in this place.
 D = Time resting spent in this place.
 E = Time spent auto-exploring this place.
 F = Levels seen in this place.
 G = Mean time per level.
                   A        B        C        D        E       F      G
               +--------+--------+--------+--------+--------+-----+--------+
         Total |   2870 |   2799 |     71 |    455 |   1744 |   4 |  717.5 |
       Dungeon |   2870 |   2799 |     71 |    455 |   1744 |   4 |  717.5 |
               +--------+--------+--------+--------+--------+-----+--------+

Top non-repeatable levels by time:
     D:1: 1264 daAuts
     D:3: 918 daAuts
     D:2: 633 daAuts
     D:4: 53 daAuts
